 Dungeon Crawl Stone Soup version 0.22-a0-379-ga9d99d6 (webtiles) character file.

101 iamserjio the Digger (level 4, -1/21 HPs)
             Began as a Spriggan Earth Elementalist on Apr 28, 2018.
             Slain by an orc
             ... wielding a +0 flail
              (3 damage)
             ... on level 3 of the Dungeon.
             The game lasted 00:07:31 (3600 turns).

iamserjio the Digger (Spriggan Earth Elementalist)  Turns: 3600, Time: 00:07:32

Health: -1/21      AC:  2    Str:  4    XL:     4   Next: 48%
Magic:  10/10      EV: 18    Int: 17    God:
Gold:   109        SH:  0    Dex: 16    Spells: 6/10 levels left

rFire    . . .     SeeInvis +   f - +0 dagger
rCold    . . .     Gourm    .   (shield restricted)
rNeg     . . .     Faith    .   c - +0 robe
rPois    .         Spirit   .   (helmet restricted)
rElec    .         Reflect  .   (no cloak)
rCorr    .         Harm     .   (gloves unavailable)
MR       .....                  (boots unavailable)
Stlth    ++........             (no amulet)
HPRegen  0.07/turn              (no ring)
MPRegen  0.12/turn              (no ring)

@: lethally poisoned (-1 -> -14), very quick
A: very small, unfitting armour, see invisible, herbivore, speed 3, slow
metabolism 2
a: no special abilities


You were on level 3 of the Dungeon.
You were hungry.

You visited 1 branch of the dungeon, and saw 3 of its levels.

You collected 109 gold pieces.

Inventory:

Hand Weapons
 f - a +0 dagger (weapon)
 h - a +0 spear
 m - a +0 short sword
Missiles
 b - 29 stones (quivered)
Armour
 c - a +0 robe (worn)
 l - a +0 pair of boots
Scrolls
 e - a scroll of magic mapping {unknown}
 g - 2 scrolls of remove curse {unknown}
 i - 4 scrolls of identify {unknown}
 n - a scroll of immolation {unknown}
 o - 5 scrolls of amnesia {unknown}
 p - a scroll of enchant armour {unknown}
Potions
 j - a potion of curing {unknown}
 k - a potion of magic
Comestibles
 d - 6 rations


   Skills:
 - Level 3.1 Dodging
 - Level 3.2 Stealth
 + Level 3.9 Spellcasting
   Level 1.3 Transmutations
 * Level 4.2 Earth Magic


You had 6 spell levels left.
You knew the following spells:

 Your Spells              Type           Power        Failure   Level  Hunger
a - Sandblast             Erth           ###...       2%          1    None
b - Stone Arrow           Conj/Erth      ##....       21%         3    ###....


Dungeon Overview and Level Annotations

Branches:
Dungeon (3/15)

Altars:
Dithmenos
Nemelex Xobeh
Trog


Innate Abilities, Weirdness & Mutations

You are very small and have problems with some larger weapons.
You are too small for most types of armour.
You have supernaturally acute eyesight. (SInv)
You are a herbivore.
You cover ground extremely quickly.
You need to consume almost no food.


Message History

You don't have enough magic to cast that spell.
The orc shouts!
You hear a shout!
An orc comes into view. It is wielding a falchion.
The orc misses you.
The orc shouts! x2
The orc barely misses you.
Found a ration.
The orc hits you with a short sword of venom.
* * * LOW HITPOINT WARNING * * *
You are lethally poisoned!
* * * LOW HITPOINT WARNING * * *
You feel sick.
It was a potion of magic.
Magic courses through your body.
* * * LOW HITPOINT WARNING * * *
You feel sick. The orc hits you but does no damage.
You are more poisoned.
It was a potion of cancellation.
You feel magically purged.
* * * LOW HITPOINT WARNING * * *
You feel sick. The orc hits you with a flail.
You die...

#.# #.##.#...#.#..........#... #
#)###.##.................÷....
####.....o..#.....#.######.#.#...
.........#######..#.# #.#.#...
#.###g#### #..#.# ####.#.###. #.#
#o# #..#.# #<)..#.# #. #.# #)#
#..#.# #.####.# ## .## #.# #..#.#
#.####.###. # #.##########@)#.#
#........#.
#..o.....S.ooo#.########.#.#.
.........o####........(........).
########### ##...........>......
#.#(#####........##
#.#..>.............
..#######........## #.#
###......# #.# ###†##.#


You could see an adder and 4 orcs.

Vanquished Creatures
  5 adders
  A dart slug (D:1)
  4 leopard geckos
  5 orcs (D:3)
  4 bats
  4 giant cockroaches
  5 goblins
  4 hobgoblins
  A quokka (D:2)
  3 ball pythons
  A frilled lizard (D:2)
  4 kobolds
  3 rats
44 creatures vanquished.

Notes
Turn   | Place    | Note
-------+----------+-------------------------------------------
     0 | D:1      | iamserjio the Spriggan Earth Elementalist began the quest for the Orb.
     0 | D:1      | Reached XP level 1. HP: 9/9 MP: 5/5
   343 | D:1      | Reached XP level 2. HP: 13/13 MP: 4/6
   419 | D:1      | Reached skill level 3 in Earth Magic
  1488 | D:2      | Found a sparkling altar of Nemelex Xobeh.
  1490 | D:2      | Found a bloodstained altar of Trog.
  1648 | D:2      | Reached XP level 3. HP: 9/16 MP: 5/8
  1883 | D:2      | Learned a level 3 spell: Stone Arrow
  3121 | D:3      | Reached XP level 4. HP: 21/21 MP: 3/10
  3233 | D:3      | Found a shadowy altar of Dithmenos.
  3485 | D:3      | Reached skill level 4 in Earth Magic
  3600 | D:3      | Slain by an orc

Vault maps used:
D:1:      dpeg_arrival_arbitrary_c
D:2:      nicolae_overflow_hidden_temple, serial_glass, glass_columns_a,
          glass_columns_a, minmay_tiny_reverse_x
D:3:      overflow_temple_1_default, yredelemnul_altar_generic, first_ration,
          nemelex_diamond_rough_becter

Skill      XL: |  1  2  3  4 |
---------------+-------------+-----
Spellcasting   | 3 |  3.9
Earth Magic    | 3 4 |  4.2
Dodging        | |  3.1
Stealth        | |  3.2
Transmutations | |  1.3

Action                   |  1- 3 |  4- 6 || total
-------------------------+-------+-------++-------
Melee: Unarmed           |     5 |       ||     5
       Dagger            |    82 |    33 ||   115
 Cast: Sandblast         |    30 |     9 ||    39
       Stone Arrow       |     9 |     8 ||    17
  Use: Potion            |       |     2 ||     2
 Stab: Sleeping          |     5 |       ||     5
  Eat: Ration            |       |     1 ||     1
Armor: Robe              |     9 |     3 ||    12
Dodge: Dodged            |    86 |    28 ||   114

Table legend:
 A = Spawn XP
 B = Non-spawn XP
 C = Spawn XP percentage of total XP
 D = Spawn monster count
 E = Non-spawn monster count
 F = Spawn count percentage of total count
 G = Total turns spent on level
                    A         B        C        D         E        F      G
               +---------+---------+-------+---------+---------+-------+---------
         Total |       0 |     145 |   0.0 |       0 |      44 |   0.0 |  3600
               +---------+---------+-------+---------+---------+-------+---------
           D:1 |       0 |      32 |   0.0 |       0 |      15 |   0.0 |  1395
           D:2 |       0 |      62 |   0.0 |       0 |      17 |   0.0 |  1671
           D:3 |       0 |      51 |   0.0 |       0 |      12 |   0.0 |   534
               +---------+---------+-------+---------+---------+-------+---------
